 Dungeon Crawl Stone Soup version 0.28-a0-1435-g82390b3a13 (webtiles) character file.

Game seed: 14321028822644055243

526 voltaire321 the Conjurer (level 7, 0/40 HPs)
             Began as a Deep Elf Conjurer on Jan 9, 2022.
             Was a Follower of Vehumet.
             Slain by a scorpion (8 damage)
             ... in an ossuary.
             The game lasted 00:15:56 (4374 turns).

voltaire321 the Conjurer (Deep Elf Conjurer)        Turns: 4374, Time: 00:15:57

Health: 0/40       AC:  2    Str:  3 (6)  XL:     7   Next: 2%
Magic:  10/16      EV: 13    Int: 21 (23) God:    Vehumet [*.....]
Gold:   74         SH:  0    Dex: 10 (13) Spells: 10/16 levels left

rFire   . . .      SeeInvis .   n - +2 whip (drain)
rCold   . . .      Faith    .   (no shield)
rNeg    . . .      Spirit   .   a - +0 robe
rPois   .          Reflect  .   (no helmet)
rElec   .          Harm     .   (no cloak)
rCorr   .          Rampage  .   (no gloves)
Will    .....                   (no boots)
Stlth   +++.......              (no amulet)
HPRegen 0.13/turn               (no ring)
MPRegen 0.15/turn               (no ring)

@: lethally poisoned (0 -> -2)
A: no striking features
a: Renounce Religion


You were in an ossuary.
You worshipped Vehumet.
Vehumet was aware of your devotion.
You visited 1 branch of the dungeon, and saw 4 of its levels.
You also visited: Ossuary.

You collected 74 gold pieces.

Inventory:

Hand Weapons
 n - a +2 whip of draining (weapon)
Armour
 a - a +0 robe (worn)
Jewellery
 m - a ring of flight
Wands
 b - a wand of mindburst (22)
 l - a wand of flame (7)
Scrolls
 f - a scroll of holy word {unknown}
 g - a scroll of enchant weapon {unknown}
 h - 3 scrolls of identify {unknown}
 i - 2 scrolls of teleportation {unknown}
 k - a scroll of enchant armour {unknown}
Potions
 c - a potion of curing {unknown}
 d - a potion of degeneration
 e - a potion of might {unknown}
 j - 2 potions of heal wounds {unknown}
 o - a potion of ambrosia {unknown}


   Skills:
 + Level 2.2 Fighting
 + Level 4.4 Dodging
 + Level 4.8 Stealth
 + Level 5.0 Spellcasting
 + Level 5.5 Conjurations
 + Level 2.5 Hexes


You had 10 spell levels left.
You knew the following spells:

 Your Spells              Type           Power      Damage    Failure   Level
a - Magic Dart            Conj           100%       1d8       1%          1
b - Searing Ray           Conj           56%        2d6       1%          2
c - Dazzling Flash        Conj/Hex       44%        N/A       6%          3

Your spell library contained the following spells:

 Spells                   Type           Power      Damage    Failure   Level
 Freeze                   Ice            20%        1d4       11%         1
 Fulminant Prism          Conj/Hex       11%        3d9       21%         4
 Iskenderun's Mystic Bla  Conj/Tloc      17%        2d5       34%         4


Dungeon Overview and Level Annotations

Branches:
Dungeon (4/15)            Ossuary (1/1)
 Temple: D:4-7

Altars:
Trog
Uskayaw
Vehumet


Message History

The searing ray hits the scorpion but does no damage.
The scorpion is moderately wounded.
The scorpion stings you!
The searing ray misses the scorpion.
The searing ray hits the scorpion.
The scorpion is heavily wounded.
The searing ray hits the gnoll zombie!
The gnoll zombie is heavily damaged.
The scorpion stings you but does no damage.
The searing ray hits the scorpion.
The scorpion is moderately wounded.
The searing ray hits the scorpion but does no damage.
The scorpion is heavily wounded.
The searing ray hits the gnoll zombie!
You destroy the gnoll zombie!
Vehumet accepts your kill.
You finish channelling your searing ray.
The scorpion stings you.
You are poisoned.
The scorpion poisons you!
You feel very sick.
You feel very sick. The scorpion misses you.
You feel sick. The scorpion stings you.
You feel sick.
Casting: Searing Ray (safe; 1% risk of failure)
Confirm with . or Enter, or press ? or * to list all spells.
Aiming: Searing Ray (safe; 1% risk of failure)
Press: ? - help, Shift-Dir - straight line, f - scorpion
Aim: a scorpion (moderately wounded, 79% to hit)
The searing ray hits the scorpion!
The scorpion is severely wounded. (Press . to maintain the ray.)
You feel sick. The scorpion stings you!
* * * LOW HITPOINT WARNING * * *
The scorpion barely misses you.
It was a potion of degeneration.
There was something very wrong with that liquid.
You feel weakened.
You feel dopey.
You feel clumsy.
You feel sick. The scorpion stings you!
You die...

...#??M#...#...#...#
##'#######'##########
#.....#.....#
#.....#.....#
#.....8.....#
#...........#
#...........#
###8ss...8###
#...@.......#
#...........#
#.....8.....#
#.....#.....+
#.....#.....#
#############


You could see 2 scorpions.

Vanquished Creatures
  3 scorpions (Ossuary)
  3 centaur skeletons
  2 human zombies (Ossuary)
  2 scorpion zombies (Ossuary)
  Robin (D:3)
  6 adders
  A worm (D:2)
  A dart slug (D:2)
  8 orcs (D:3)
  8 ball pythons
  5 endoplasms
  2 giant cockroaches
  11 goblins
  7 hobgoblins
  6 jackals
  9 kobolds
  2 quokkas
  4 bats
  3 frilled lizards
  2 gnoll zombies (Ossuary)
  3 goblin zombies (Ossuary)
  A hobgoblin zombie (Ossuary)
  4 rats
94 creatures vanquished.

Notes
Turn   | Place    | Note
-------+----------+-------------------------------------------
     0 | D:1      | voltaire321 the Deep Elf Conjurer began the quest for the
                  | Orb.
     0 | D:1      | Reached XP level 1. HP: 10/10 MP: 6/6
   270 | D:1      | Reached XP level 2. HP: 16/16 MP: 6/8
   857 | D:1      | Reached XP level 3. HP: 20/20 MP: 4/9
   902 | D:1      | Learned a level 2 spell: Searing Ray
   996 | D:2      | Reached skill level 1 in Fighting
  1209 | D:2      | Reached XP level 4. HP: 25/25 MP: 9/11
  1350 | D:2      | Found a faded altar of an unknown god.
  1903 | D:3      | Found a radiant altar of Vehumet.
  2106 | D:3      | Found a bloodstained altar of Trog.
  2106 | D:3      | Found a hide-covered altar of Uskayaw.
  2144 | D:3      | Became a worshipper of Vehumet
  2347 | D:3      | Reached skill level 5 in Conjurations
  2347 | D:3      | Reached XP level 5. HP: 29/29 MP: 7/13
  2401 | D:3      | Learned a level 3 spell: Dazzling Flash
  2489 | D:3      | Noticed Robin
  2583 | D:3      | Killed Robin
  2584 | D:3      | Reached skill level 1 in Hexes
  2925 | D:3      | Reached * piety under Vehumet
  2925 | D:3      | Offered knowledge of Freeze by Vehumet.
  3307 | D:4      | Found a sand-covered staircase.
  3315 | Ossuary  | Entered an ossuary
  3354 | Ossuary  | Reached XP level 6. HP: 10/35 MP: 3/14
  4028 | Ossuary  | Reached skill level 5 in Spellcasting
  4227 | Ossuary  | Reached XP level 7. HP: 30/40 MP: 6/16
  4374 | Ossuary  | Slain by a scorpion

Illustrated notes

Levels and vault maps discovered:
D:1:      roderic_chinese_lattice_arrival, layout_loops_ring
D:2:      minmay_recursive_quarters, layout_rooms,
          shapermc_ecumenical_altar_starsandcircs, grunt_decor_one_mirror
D:3:      layout_basic, gammafunk_temple_overflow_elements,
          vehumet_altar_wand_db, uniq_robin
D:4:      layout_cave_pools, minmay_temple_entry_butterflies,
          nicolae_ossuary_entry_monument, nicolae_figureground_pulse
Ossuary:  ossuary_minmay_scorpions

Skill      XL: |  1  2  3  4  5  6 |
---------------+-------------------+-----
Stealth        | 3 4 |  4.8
Fighting       | 1 2 |  2.2
Dodging        | 3 4 |  4.4
Spellcasting   | 4 5 |  5.0
Conjurations   | 5 |  5.5
Hexes          | 1 2 |  2.5

Action                   |  1- 3 |  4- 6 |  7- 9 || total
-------------------------+-------+-------+-------++-------
 Cast: Magic Dart        |    52 |    70 |     2 ||   124
       Searing Ray       |     2 |    26 |     3 ||    31
  Use: Potion            |       |       |     1 ||     1
Armor: Robe              |     4 |    11 |     1 ||    16
Dodge: Dodged            |     6 |    27 |     2 ||    35

Table legend: (Time is in decaauts)
 A = Elapsed time spent in this place.
 B = Non-inter-level travel time spent in this place.
 C = Inter-level travel time spent in this place.
 D = Time resting spent in this place.
 E = Time spent auto-exploring this place.
 F = Levels seen in this place.
 G = Mean time per level.
                   A        B        C        D        E       F      G
               +--------+--------+--------+--------+--------+-----+--------+
         Total |   4371 |   4304 |     67 |   1910 |   1528 |   5 |  874.2 |
       Dungeon |   3313 |   3246 |     67 |   1101 |   1528 |   4 |  828.2 |
       Ossuary |   1058 |   1058 |      0 |    809 |      0 |   1 | 1058.0 |
               +--------+--------+--------+--------+--------+-----+--------+

Top non-repeatable levels by time:
     D:3: 1477 daAuts
 Ossuary: 1058 daAuts
     D:1: 989 daAuts
     D:2: 838 daAuts
     D:4: 7 daAuts
